 Dungeon Crawl Stone Soup version 0.32-a0-128-g77eb882913 (webtiles) character file.

Game seed: 6718283368681475903

3057 Dittersdorf the Protected (level 9, -3/59 HPs)
             Began as a Gargoyle Fighter on Feb 7, 2024.
             Was an Initiate of Gozag.
             Slain by a yak (11 damage)
             ... on level 6 of the Dungeon.
             The game lasted 00:07:12 (4841 turns).

Dittersdorf the Protected (Gargoyle Fighter)        Turns: 4841, Time: 00:07:12

Health: -3/59      AC: 17    Str: 24    XL:     9   Next: 87%
Magic:  9/9        EV: 14    Int:  9    God:    Gozag
Gold:   366        SH:  6    Dex:  9    Spells: 8/8 levels left

rFire   . . .        a - +1 flail
rCold   . . .        c - +1 buckler
rNeg    + . .        b - +0 scale mail
rPois   ∞            (no helmet)
rElec   +            n - +2 cloak
rCorr   .            (no gloves)
SInv    .            (no boots)
Will    .....        p - amulet of the acrobat Stlth
                     r - +5 ring of evasion
HPRegen 0.29/turn    (no ring)
MPRegen 0.11/turn

%: acrobat
@: no status effects
A: sickness immunity, AC +6, negative energy resistance 1, electricity
resistance, torment resistance 1, petrification resistance
a: Renounce Religion, Potion Petition, Call Merchant, Bribe Branch


You were on level 6 of the Dungeon.
You worshipped Gozag.
Gozag was aware of your devotion.
You visited 2 branches of the dungeon, and saw 7 of its levels.
You also visited: Sewer.

You collected 506 gold pieces.
You paid 140 gold pieces to Gozag.

Inventory:

Hand Weapons
 a - a +1 flail (weapon)
Missiles
 l - a throwing net
Armour
 b - a +0 scale mail (worn)
 c - a +1 buckler (worn)
 f - a scarf of resistance
 n - a +2 cloak (worn)
Jewellery
 p - an amulet of the acrobat (around neck)
 r - a +5 ring of evasion (left hand)
Wands
 m - a wand of iceblast (1) (quivered)
Scrolls
 g - 6 scrolls of teleportation
 s - 3 scrolls of fear
Potions
 d - 3 potions of might
 e - a potion of heal wounds
 h - a potion of enlightenment
 j - a potion of brilliance {unknown}
 k - 2 potions of cancellation {unknown}
 o - a potion of haste
 q - a potion of curing


   Skills:
 + Level 8.1 Fighting
 + Level 7.0 Maces & Flails
 + Level 8.1 Armour
 + Level 8.1 Shields


You had 8 spell levels left.
You didn't know any spells.
Your spell library contained the following spells:

 Spells                   Type           Power      Damage    Failure   Level
 Slow                     Hex            0%         N/A       71%         1
 Ensorcelled Hibernation  Hex/Ice        0%         N/A       83%         2
 Lesser Beckoning         Tloc           0%         N/A       83%         2
 Confusing Touch          Hex            0%         N/A       97%         3
 Fugue of the Fallen      Necr           0%         N/A       97%         3
 Gell's Gravitas          Tloc           0%         N/A       97%         3
 Ozocubu's Armour         Ice            0%         N/A       97%         3
 Sigil of Binding         Hex            0%         N/A       97%         3
 Teleport Other           Tloc           0%         N/A       97%         3
 Vampiric Draining        Necr           0%         2d6       97%         3
 Anguish                  Hex/Necr       0%         N/A       100%        4
 Manifold Assault         Tloc           0%         N/A       100%        4


Dungeon Overview and Level Annotations

Branches:
Dungeon (6/15)             Temple (1/1) D:5           Sewer (visited)

Altars:
Cheibriados
Dithmenos
Elyvilon
Fedhas
Gozag
Makhleb
Nemelex Xobeh
Okawaru
Qazlal
Ru
Sif Muna
Trog
Vehumet
Xom
Yredelemnul
Zin
The Shining One

Shops:
D:2 (


Innate Abilities, Weirdness & Mutations

You are immune to sickness and miasma.
Your stone body is resilient. (AC +6)
You are immune to poison.
You resist negative energy. (rN+)
You are resistant to electric shocks. (rElec)
You are resistant to unholy torment.
You are immune to petrification.


Message History

You are too injured to fight recklessly!
You are too injured to fight recklessly!
You are too injured to fight recklessly!
You are too injured to fight recklessly!
You hit the yak but do no damage.
The yak is moderately wounded.
The yak gores you but does no damage. The yak gores you. The yak misses you.
You hit the yak.
The yak is heavily wounded.
The yak misses you. The yak gores you.
You sock the yak!
The yak is severely wounded.
The yak barely misses you. The yak closely misses you.
You barely miss the yak.
The yak is severely wounded.
The yak is distracted by your dazzling golden aura.
The yak gores you. The yak gores you but does no damage.
The yak bellows!
You hit the yak.
The yak is almost dead.
You block the yak's attack. The yak completely misses you.
You hit the yak.
You kill the yak!
The yak gores you but does no damage.
Your Maces & Flails skill increases to level 7!
You hit the yak.
The yak is lightly wounded.
The yak is no longer distracted by gold.
The yak gores you!
* * * LOW HITPOINT WARNING * * *
You thump the yak!
The yak is moderately wounded.
The yak gores you.
* * * LOW HITPOINT WARNING * * *
You block the yak's attack.
You hit the yak but do no damage.
The yak is moderately wounded.
The yak gores you!
You die...
Your body crumbles into a pile of gold.

...#.# #.'...###.....# +..#
#.##.# #.#....####'##### #.Y#
#.##.# #.#.....#.....#.## #YY#
.....###.##....#..)..#..## #..#
.........###...'.....'...###YY#
#.#..#.#.####..#.....#....##..#
#.#..#...#.###(#...).#.....#..#
#)#..###.#..######'####..Y.#..#
#.#..# #.'...###@Y...###...YY.#
###..# #.#....###Y....###.(#..#
##..# #.#.)...###.....###.#..#
⌠#...###.##.....###.....####..#
.#....)).###.....###.....###..#
####.###.#####'#######'####...#
#.# #......................#
#.# #####.###..###....####.#
#.# #.# #.####...## #.#


You could see 2 yaks.

Vanquished Creatures
  4 yaks (D:6)
  Sigmund (D:2)
  Eustachio (D:4)
  Pargi (Sewer)
  2 black bears
  An ogre (D:4)
  4 phantoms
  A kobold brigand (Sewer)
  2 wyvern zombies (D:6)
  4 scorpions
  3 wights (D:4)
  3 killer bees (D:6)
  A bombardier beetle (D:5)
  A crimson imp (D:5)
  4 jellies
  4 bullfrog zombies (D:6)
  A bullfrog skeleton (D:6)
  A centaur skeleton (D:6)
  A sleepcap (D:5)
  A hound (D:6)
  A gnoll bouda (D:6)
  Jessica (D:2)
  3 iguanas
  An orc wizard (D:4)
  2 howler monkey skeletons (D:6)
  3 gnolls (D:6)
  9 adders
  A river rat (D:4)
  A shadow imp (D:5)
  A white imp (D:6)
  3 dart slugs
  7 orcs
  8 endoplasms
  2 giant cockroaches
  8 goblins
  6 hobgoblins
  A jackal (D:2)
  2 quokkas
  12 ball pythons
  3 bats
  3 frilled lizards
  12 kobolds
  12 rats
143 creatures vanquished.

Vanquished Creatures (others)
  An orc (D:5)
1 creature vanquished.

Grand Total: 144 creatures vanquished

Notes
Turn   | Place    | Note
-------+----------+-------------------------------------------
     0 | D:1      | Dittersdorf the Gargoyle Fighter began the quest for the
                  | Orb.
     0 | D:1      | Reached XP level 1. HP: 14/14 MP: 1/1
   140 | D:1      | Reached XP level 2. HP: 19/19 MP: 2/2
   310 | D:1      | You fall into a shaft and drop 1 floor!
   352 | D:2      | Noticed Jessica
   357 | D:2      | Killed Jessica
   358 | D:2      | Reached XP level 3. HP: 22/24 MP: 3/3
   517 | D:2      | Identified the +7 mace of the Crawling Thing {heavy, *Slow
                  | rN+ Int+3 Dex+2}
   533 | D:2      | Reached XP level 4. HP: 29/29 MP: 4/4
   631 | D:2      | Found Lus Uxzig's Weapon Shop.
   788 | D:2      | Noticed Sigmund
   807 | D:2      | Killed Sigmund
   808 | D:2      | Reached XP level 5. HP: 20/34 MP: 5/5
   808 | D:2      | Reached XP level 6. HP: 23/39 MP: 6/6
  1558 | D:3      | Found a sacrificial altar of Ru.
  1759 | D:3      | Found a bloodstained altar of Trog.
  2086 | D:4      | Found a snail-covered altar of Cheibriados.
  2165 | D:4      | Noticed Eustachio
  2176 | D:4      | Killed Eustachio
  2177 | D:4      | Reached skill level 5 in Fighting
  2177 | D:4      | Reached skill level 5 in Armour
  2177 | D:4      | Reached skill level 5 in Shields
  2177 | D:4      | Reached XP level 7. HP: 23/44 MP: 7/7
  2300 | D:4      | Found a glowing drain.
  2307 | Sewer    | Entered a sewer
  2308 | Sewer    | Noticed Pargi
  2343 | Sewer    | Killed Pargi
  2802 | D:4      | Found a white marble altar of Elyvilon.
  2953 | D:4      | Identified the +0 robe "Utwercho" {Regen+}
  2966 | D:5      | Entered Level 5 of the Dungeon
  2980 | D:5      | Reached XP level 8. HP: 49/51 MP: 8/8
  3090 | D:4      | Reached skill level 5 in Maces & Flails
  3576 | D:5      | Found a glowing golden altar of the Shining One.
  3597 | D:5      | Found a burning altar of Makhleb.
  3598 | D:5      | Found a shimmering altar of Xom.
  3782 | D:5      | Found a staircase to the Ecumenical Temple.
  3792 | Temple   | Entered the Ecumenical Temple
  3967 | D:6      | Reached XP level 9. HP: 52/56 MP: 9/9
  4281 | D:6      | Found an opulent altar of Gozag.
  4299 | D:6      | Found a shimmering blue altar of Sif Muna.
  4301 | D:6      | Became a worshipper of Gozag Ym Sagoz the Greedy
  4841 | D:6      | Slain by a yak

Illustrated notes

Levels and vault maps discovered:
D:1:      lightli_arrival_flooded_house, layout_basic, minivault_14
D:2:      layout_basic, serial_shops, shop, dk_vineyard_3, minmay_ruptured,
          uniq_jessica, uniq_sigmund
D:3:      layout_loops_ring, mainiacjoe_overflow_cross_hatched,
          trog_three_pillars_becter
D:4:      layout_cave_pools, kennysheep_slug_shrine, elyvilon_altar_3,
          gup_sewer_entry_spiral, uniq_eustachio
D:5:      layout_rooms, grunt_temple_overflow_champion_of_chaos,
          tso_oasis_becter, minmay_temple_entry_arrows
D:6:      layout_loops_ring, minitemple, serial_undead, serial_undead_a,
          serial_undead_a, serial_undead_d, serial_undead_b, serial_undead_f,
          minmay_quadrilaterals
Temple:   hellmonk_temple_micro_hex

Skill      XL: |  1  2  3  4  5  6  7  8  9 |
---------------+----------------------------+-----
Fighting       | 4 5 6 8 |  8.1
Shields        | 4 5 6 8 |  8.1
Maces & Flails | 3 4 5 7 |  7.0
Armour         | 4 5 6 8 |  8.1

Action                     |  1- 3 |  4- 6 |  7- 9 || total
---------------------------+-------+-------+-------++-------
  Melee: Flail             |   101 |   153 |   422 ||   676
  Evoke: Wand              |       |     4 |       ||     4
    Use: Scroll            |       |     8 |     9 ||    17
 Armour: Scale mail        |    84 |    93 |   306 ||   483
  Dodge: Dodged            |    72 |    99 |   347 ||   518
  Block: Buckler           |    31 |    39 |   133 ||   203

Table legend: (Time is in decaauts)
 A = Elapsed time spent in this place.
 B = Non-inter-level travel time spent in this place.
 C = Inter-level travel time spent in this place.
 D = Time resting spent in this place.
 E = Time spent auto-exploring this place.
 F = Levels seen in this place.
 G = Mean time per level.
                   A        B        C        D        E       F      G
               +--------+--------+--------+--------+--------+-----+--------+
         Total |   5035 |   4937 |     98 |    413 |   3018 |   8 |  629.4 |
       Dungeon |   4766 |   4668 |     98 |    365 |   2888 |   6 |  794.3 |
        Temple |      1 |      1 |      0 |      0 |      0 |   1 |    1.0 |
         Sewer |    267 |    267 |      0 |     48 |    130 |   1 |  267.0 |
               +--------+--------+--------+--------+--------+-----+--------+

Top non-repeatable levels by time:
     D:4: 1089 daAuts
     D:6: 930 daAuts
     D:1: 729 daAuts
     D:3: 701 daAuts
     D:2: 679 daAuts
     D:5: 635 daAuts
   Sewer: 267 daAuts
  Temple: 1 daAuts
